SAAA
MEMPHIS REDBIRDS @ HIALEAH DODOS
08/07/2042
 
TOP OF THE 1ST
Memphis Redbirds batting - Pitching for Hialeah Dodos : RHP Ed Alexander
Pitching: RHP Ed Alexander
Batting: RHB Steve Marwat 0-0: Called Strike
0-1: Ball
1-1: Foul Ball, location: 2F
1-2: Ball
2-2: Foul Ball, location: 2F
2-2: Foul Ball, location: 2F
2-2: Foul Ball, location: 2F
2-2: Ball
3-2: Ground out 1-3 (Groundball, 34S, EV 79.4 MPH)
Batting: RHB Joël Pesci 0-0: Called Strike
0-1: Ball
1-1: Ground out 6-3 (Groundball, 6, EV 81.2 MPH)
Batting: RHB Dean Shamakani 0-0: Ground out 6-3 (Groundball, 6, EV 82.5 MPH)
Top of the 1st over - 0 runs, 0 hits, 0 errors, 0 left on base; Memphis 0 - Hialeah 0
BOTTOM OF THE 1ST
Hialeah Dodos batting - Pitching for Memphis Redbirds : RHP Boris Milatovic
Pitching: RHP Boris Milatovic
Batting: RHB Sergio San Martín 0-0: Ball
1-0: Foul Ball, location: 2F
1-1: Foul Ball, location: 2F
1-2: Ground out 5-3 (Groundball, 5, EV 88.8 MPH)
Batting: LHB Richard Edwards 0-0: Ball
1-0: Called Strike
1-1: Called Strike
1-2: Strikes out looking
Batting: RHB Juan Reyes 0-0: Swinging Strike
0-1: Ball
1-1: Called Strike
1-2: Foul Ball, location: 2F
1-2: Ball
2-2: Strikes out swinging
Bottom of the 1st over - 0 runs, 0 hits, 0 errors, 0 left on base; Memphis 0 - Hialeah 0
TOP OF THE 2ND
Memphis Redbirds batting - Pitching for Hialeah Dodos : RHP Ed Alexander
Batting: LHB Rodney McClellan 0-0: Reached on error, E8 (Flyball, 8LS, EV 92.5 MPH)
Batting: RHB Ricardo Ojíto 0-0: Ball
1-0: Ball
2-0: Called Strike
2-1: Foul Ball, location: 2F
2-2: Foul Ball, location: 2F
2-2: Foul Ball, location: 2F
2-2: Ball
3-2: Foul Ball, location: 2F
3-2: Foul Ball, location: 2F
3-2: Base on Balls
Rodney McClellan to second
Batting: RHB Fraser Childs 0-0: Called Strike
0-1: SINGLE (Groundball, 34D, EV 95.0 MPH)
Rodney McClellan to third
Ricardo Ojíto to second
Runner from 3rd tries for Home, SAFE, throw by RF to home
Batting: RHB Lorenzo Lobo 0-0: Ball
Wild Pitch!
Ricardo Ojíto to third
Fraser Childs to second
1-0: Ball
2-0: Ball
3-0: Called Strike
3-1: Foul Ball, location: 2F
3-2: Base on Balls
Batting: RHB Gonzalo Quintanilla 0-0: Called Strike
0-1: Foul Ball, location: 2F
0-2: SINGLE (Groundball, 6MD, EV 103.8 MPH)
Ricardo Ojíto scores
Fraser Childs to third
Lorenzo Lobo to second
Batting: RHB Martin Clayton 0-0: Swinging Strike
0-1: Foul Ball, location: 2F
0-2: Foul Ball, location: 2F
0-2: Ball
1-2: Grounds into double play, 4-6-3 (Groundball, 4, EV 93.1 MPH)
Fraser Childs scores
Lorenzo Lobo to third
Batting: RHB Steve Marwat 0-0: Called Strike
0-1: Ball
1-1: Called Strike
1-2: Strikes out looking
Top of the 2nd over - 3 runs, 2 hits, 1 error, 1 left on base; Memphis 3 - Hialeah 0
BOTTOM OF THE 2ND
Hialeah Dodos batting - Pitching for Memphis Redbirds : RHP Boris Milatovic
Batting: LHB Keith Pick 0-0: Ball
1-0: Ball
2-0: SINGLE (Line Drive, 7LM, EV 104.4 MPH)
Batting: LHB Quitério Ruah 0-0: Ball
1-0: Foul Ball, location: 2F
1-1: Fly out, F7 (Line Drive, 7D, EV 90.0 MPH)
Batting: LHB Ramón Morterero 0-0: Called Strike
0-1: Foul Ball, location: 2F
0-2: Ball
1-2: Ball
2-2: Ball
3-2: Strikes out swinging
Batting: RHB Chrysler Rodriguez 0-0: Called Strike
0-1: Ball
1-1: Ball
2-1: Swinging Strike
2-2: Hit by Pitch
Keith Pick to second
Batting: RHB Yaakov Shmerkin 0-0: Fly out, F8 (Flyball, 8RM, EV 95.0 MPH)
Bottom of the 2nd over - 0 runs, 1 hit, 0 errors, 2 left on base; Memphis 3 - Hialeah 0
TOP OF THE 3RD
Memphis Redbirds batting - Pitching for Hialeah Dodos : RHP Ed Alexander
Batting: RHB Joël Pesci 0-0: Called Strike
0-1: Ball
1-1: Swinging Strike
1-2: Ball
2-2: Strikes out swinging
Batting: RHB Dean Shamakani 0-0: Ball
1-0: SINGLE (Groundball, 6MD, EV 107.5 MPH)
Batting: LHB Rodney McClellan 0-0: Foul Ball, location: 2F
0-1: SINGLE (Line Drive, 8LS, EV 93.1 MPH)
Dean Shamakani to second
Runner from 2nd tries for 3rd, SAFE, throw by CF made to third
Batting: RHB Ricardo Ojíto 0-0: Ball
1-0: Called Strike
1-1: SINGLE (Flyball, 9LS, EV 91.9 MPH)
Dean Shamakani scores
Rodney McClellan to second
Runner from 2nd tries for 3rd, SAFE, throw by RF made to third
Batting: RHB Fraser Childs 0-0: Ball
1-0: Called Strike
1-1: Swinging Strike
1-2: Grounds into double play, 6-4-3 (Groundball, 6, EV 85.6 MPH)
Top of the 3rd over - 1 run, 3 hits, 0 errors, 1 left on base; Memphis 4 - Hialeah 0
BOTTOM OF THE 3RD
Hialeah Dodos batting - Pitching for Memphis Redbirds : RHP Boris Milatovic
Batting: SHB Xavier Mercier 0-0: Ball
1-0: Foul Ball, location: 2F
1-1: Hit by Pitch
Batting: RHB Sergio San Martín 0-0: Ball
1-0: Called Strike
1-1: Ground out 5-3 (Groundball, 56S, EV 71.9 MPH)
Xavier Mercier to second
Batting: LHB Richard Edwards 0-0: Called Strike
0-1: Ball
1-1: SINGLE (Groundball, 4MD, EV 96.2 MPH)
Xavier Mercier to third
Batting: RHB Juan Reyes 0-0: Called Strike
0-1: Swinging Strike
0-2: Strikes out swinging
Batting: LHB Keith Pick 0-0: Foul Ball, location: 2F
0-1: Hit by Pitch
Richard Edwards to second
Batting: LHB Quitério Ruah 0-0: Swinging Strike
0-1: GRAND SLAM HOME RUN (Flyball, 9D, EV 93.8 MPH), Distance : 381 ft
Batting: LHB Ramón Morterero 0-0: Ball
1-0: Ball
2-0: Ball
3-0: Base on Balls
Batting: RHB Chrysler Rodriguez 0-0: Called Strike
0-1: Foul Ball, location: 2F
0-2: Ball
1-2: Ball
2-2: DOUBLE (Line Drive, 78D, EV 103.8 MPH)
Ramón Morterero to third
Runner from 3rd tries for Home, SAFE, throw by CF to trailing runner, SAFE at third!
Pitching: RHP Wilford Barnes
Batting: RHB Yaakov Shmerkin 0-0: Ball
1-0: Fly out, F9 (Line Drive, 9S, EV 110.0 MPH)
Bottom of the 3rd over - 5 runs, 3 hits, 0 errors, 1 left on base; Memphis 4 - Hialeah 5
TOP OF THE 4TH
Memphis Redbirds batting - Pitching for Hialeah Dodos : RHP Ed Alexander
Batting: RHB Lorenzo Lobo 0-0: Called Strike
0-1: Ground out 1-3 (Groundball, 15S, EV 68.1 MPH)
Batting: RHB Gonzalo Quintanilla 0-0: Ball
1-0: Ground out 6-3 (Groundball, 6, EV 85.6 MPH)
Batting: RHB Martin Clayton 0-0: Fly out, F8 (Flyball, 8RM, EV 82.5 MPH)
Top of the 4th over - 0 runs, 0 hits, 0 errors, 0 left on base; Memphis 4 - Hialeah 5
BOTTOM OF THE 4TH
Hialeah Dodos batting - Pitching for Memphis Redbirds : RHP Wilford Barnes
Batting: SHB Xavier Mercier 0-0: Called Strike
0-1: Called Strike
0-2: SINGLE (Groundball, 56D, EV 104.4 MPH)
Batting: RHB Sergio San Martín 0-0: Ball
1-0: DOUBLE (Line Drive, 78D, EV 103.8 MPH)
Xavier Mercier to third
Batting: LHB Richard Edwards 0-0: Ball
1-0: Ball
2-0: Ball
3-0: Called Strike
3-1: Called Strike
3-2: Ground out 5-3 (Groundball, 5, EV 82.5 MPH)
Batting: RHB Juan Reyes 0-0: Foul Ball, location: 2F
0-1: Swinging Strike
0-2: Ball
1-2: Ground out 5-3 (Groundball, 56S, EV 70.6 MPH)
Xavier Mercier scores
Sergio San Martín to third
Batting: LHB Keith Pick 0-0: Ball
1-0: Ball
2-0: Ball
3-0: Called Strike
3-1: Ground out 4-3 (Groundball, 4, EV 90.0 MPH)
Bottom of the 4th over - 1 run, 2 hits, 0 errors, 1 left on base; Memphis 4 - Hialeah 6
TOP OF THE 5TH
Memphis Redbirds batting - Pitching for Hialeah Dodos : RHP Ed Alexander
Batting: RHB Steve Marwat 0-0: Called Strike
0-1: Ball
1-1: Fly out, F9 (Flyball, 9S, EV 90.6 MPH)
Batting: RHB Joël Pesci 0-0: Ball
1-0: Foul Ball, location: 2F
1-1: Ground out U3 (Groundball, 34, EV 78.8 MPH)
Batting: RHB Dean Shamakani 0-0: Ball
1-0: Ball
2-0: Foul Ball, location: 2F
2-1: Swinging Strike
2-2: SINGLE (Groundball, 56D, EV 106.9 MPH)
Batting: LHB Rodney McClellan 0-0: Ball
Dean Shamakani is caught stealing 2nd base 2-6
Top of the 5th over - 0 runs, 1 hit, 0 errors, 0 left on base; Memphis 4 - Hialeah 6
BOTTOM OF THE 5TH
Hialeah Dodos batting - Pitching for Memphis Redbirds : RHP Wilford Barnes
Batting: LHB Quitério Ruah 0-0: Ground out U3 (Groundball, 3, EV 103.8 MPH)
Batting: LHB Ramón Morterero 0-0: Ball
1-0: Called Strike
1-1: Ball
2-1: Called Strike
2-2: Strikes out looking
Batting: RHB Chrysler Rodriguez 0-0: Ball
1-0: Fly out, F8 (Flyball, 78M, EV 86.2 MPH)
Bottom of the 5th over - 0 runs, 0 hits, 0 errors, 0 left on base; Memphis 4 - Hialeah 6
TOP OF THE 6TH
Memphis Redbirds batting - Pitching for Hialeah Dodos : RHP Ed Alexander
Batting: LHB Rodney McClellan 0-0: Ball
1-0: Swinging Strike
1-1: Ball
2-1: Ball
3-1: Foul Ball, location: 2F
3-2: Ground out 6-3 (Groundball, 6M, EV 90.6 MPH)
Batting: RHB Ricardo Ojíto 0-0: Ball
1-0: Foul Ball, location: 2F
1-1: Foul Ball, location: 2F
1-2: Fly out, F8 (Line Drive, 8RD, EV 101.2 MPH)
Batting: RHB Fraser Childs 0-0: Ground out U3 (Groundball, 3, EV 80.6 MPH)
Top of the 6th over - 0 runs, 0 hits, 0 errors, 0 left on base; Memphis 4 - Hialeah 6
BOTTOM OF THE 6TH
Hialeah Dodos batting - Pitching for Memphis Redbirds : RHP Wilford Barnes
Batting: RHB Yaakov Shmerkin 0-0: Ball
1-0: Called Strike
1-1: Fly out, F9 (Flyball, 9LS, EV 93.1 MPH)
Batting: SHB Xavier Mercier 0-0: Foul Ball, location: 2F
0-1: Ball
1-1: Ball
2-1: Ball
3-1: Called Strike
3-2: Foul Ball, location: 2F
3-2: Ground out 1-3 (Groundball, 15, EV 68.8 MPH)
Batting: RHB Sergio San Martín 0-0: Ball
1-0: Fly out, F9 (Flyball, 9, EV 90.6 MPH)
Bottom of the 6th over - 0 runs, 0 hits, 0 errors, 0 left on base; Memphis 4 - Hialeah 6
TOP OF THE 7TH
Memphis Redbirds batting - Pitching for Hialeah Dodos : RHP Ed Alexander
Batting: RHB Lorenzo Lobo 0-0: Called Strike
0-1: SINGLE (Groundball, 56, EV 83.1 MPH) (infield hit)
Pitching: RHP John Stevens
Batting: RHB Gonzalo Quintanilla 0-0: Sac Bunt to 13 - play at first, batter OUT! 1-3
Lorenzo Lobo to second
Batting: RHB Martin Clayton 0-0: Called Strike
0-1: Foul Ball, location: 2F
0-2: Ball
1-2: Strikes out swinging
Batting: RHB Steve Marwat 0-0: Called Strike
0-1: Ball
1-1: Ball
2-1: Foul Ball, location: 2F
2-2: Ground out 4-3 (Groundball, 4M, EV 83.1 MPH)
Top of the 7th over - 0 runs, 1 hit, 0 errors, 1 left on base; Memphis 4 - Hialeah 6
BOTTOM OF THE 7TH
Hialeah Dodos batting - Pitching for Memphis Redbirds : RHP Wilford Barnes
Batting: LHB Richard Edwards 0-0: Ball
1-0: Ball
2-0: Ball
3-0: Called Strike
3-1: Foul Ball, location: 2F
3-2: Foul Ball, location: 2F
3-2: Foul Ball, location: 2F
3-2: Fly out, F8 (Flyball, 8LS, EV 88.1 MPH)
Batting: RHB Juan Reyes 0-0: DOUBLE (Line Drive, 9LD, EV 101.9 MPH)
Batting: LHB Keith Pick 0-0: Foul Ball, location: 2F
0-1: Ball
Wild Pitch!
Juan Reyes to third
1-1: Ball
2-1: Fly out, F4 (Line Drive, 4, EV 68.1 MPH)
Batting: LHB Quitério Ruah 0-0: Ball
1-0: Foul Ball, location: 2F
1-1: Ball
2-1: Ball
3-1: Base on Balls
Batting: LHB Ramón Morterero 0-0: Called Strike
0-1: Ball
1-1: Called Strike
1-2: Foul Ball, location: 2F
1-2: Ball
2-2: Strikes out swinging
Bottom of the 7th over - 0 runs, 1 hit, 0 errors, 2 left on base; Memphis 4 - Hialeah 6
TOP OF THE 8TH
Memphis Redbirds batting - Pitching for Hialeah Dodos : RHP John Stevens
Batting: RHB Joël Pesci 0-0: Ball
1-0: Called Strike
1-1: Foul Ball, location: 2F
1-2: Ball
2-2: Ground out 6-3 (Groundball, 56, EV 80.6 MPH)
Batting: RHB Dean Shamakani 0-0: Called Strike
0-1: Foul Ball, location: 2F
0-2: Foul Ball, location: 2F
0-2: Strikes out looking
Batting: LHB Rodney McClellan 0-0: Ball
1-0: Called Strike
1-1: SOLO HOME RUN (Flyball, 9D, EV 101.9 MPH), Distance : 366 ft
Batting: RHB Ricardo Ojíto 0-0: SINGLE (Flyball, 89S, EV 88.1 MPH)
Pitching: RHP Nam Yee Yong
Batting: RHB Fraser Childs 0-0: Ball
1-0: Called Strike
1-1: Fly out, F7 (Flyball, 7D, EV 104.4 MPH)
Top of the 8th over - 1 run, 2 hits, 0 errors, 1 left on base; Memphis 5 - Hialeah 6
BOTTOM OF THE 8TH
Hialeah Dodos batting - Pitching for Memphis Redbirds : RHP Wilford Barnes
Batting: RHB Chrysler Rodriguez 0-0: Called Strike
0-1: Ground out 3-1 (Groundball, 34, EV 88.1 MPH)
Batting: RHB Yaakov Shmerkin 0-0: Ball
1-0: Called Strike
1-1: Ball
2-1: Foul Ball, location: 2F
2-2: Fly out, F9 (Flyball, 9LDF, EV 88.1 MPH)
Batting: SHB Xavier Mercier 0-0: Ball
1-0: Called Strike
1-1: Ball
2-1: Ball
3-1: Ground out 5-3 (Groundball, 5L, EV 84.4 MPH)
Bottom of the 8th over - 0 runs, 0 hits, 0 errors, 0 left on base; Memphis 5 - Hialeah 6
TOP OF THE 9TH
Memphis Redbirds batting - Pitching for Hialeah Dodos : RHP Nam Yee Yong
Pitching: LHP Hakan Yilmanz
Now at 1B: Pat Geldart
Batting: RHB Lorenzo Lobo 0-0: Called Strike
0-1: Ball
1-1: Swinging Strike
1-2: Ball
2-2: SINGLE (Groundball, 56S, EV 80.0 MPH) (infield hit)
Batting: RHB Gonzalo Quintanilla 0-0: Ball
1-0: Ball
2-0: Sac Bunt to 13 - play at first, batter OUT! 1-4
Lorenzo Lobo to second
Batting: RHB Martin Clayton 0-0: Ball
1-0: Ball
2-0: Ball
3-0: Called Strike
3-1: Base on Balls
Batting: RHB Steve Marwat 0-0: Foul Ball, location: 2F
0-1: Ball
1-1: Called Strike
1-2: Foul Ball, location: 2F
1-2: Strikes out swinging
Batting: RHB Joël Pesci 0-0: Ball
1-0: Swinging Strike
1-1: Foul Ball, location: 2F
1-2: Fielders Choice at 2nd, 6-4 (Groundball, 6, EV 76.9 MPH)
Top of the 9th over - 0 runs, 1 hit, 0 errors, 2 left on base; Memphis 5 - Hialeah 6
Friday, March 26th, 2021 - OOTP Baseball 20.8 Build 74